 Dungeon Crawl Stone Soup version 0.27-a0-1591-gc56fcc985a (webtiles) character file.

Game seed: 6602335952794727837

42 Anon1729 the Poker (level 3, -1/30 HPs)
             Began as a Merfolk Monk on July 19, 2021.
             Slain by a goblin (4 damage)
             ... led by Robin
             ... on level 2 of the Dungeon.
             The game lasted 00:01:10 (1397 turns).

Anon1729 the Poker (Merfolk Monk)                   Turns: 1397, Time: 00:01:11

Health: -1/30      AC:  2    Str: 12    XL:     3   Next: 54%
Magic:  3/3        EV: 14    Int:  9    God:
Gold:   38         SH:  0    Dex: 16    Spells: 2/2 levels left

rFire    . . .     SeeInvis .   a - +0 spear
rCold    . . .     Faith    .   (no shield)
rNeg     . . .     Spirit   .   b - +0 robe
rPois    .         Reflect  .   (no helmet)
rElec    .         Harm     .   g - scarf {repulsion}
rCorr    .         Rampage  .   (no gloves)
Will     .....                  (no boots)
Stlth    ++........             (no amulet)
HPRegen  0.10/turn              (no ring)
MPRegen  0.08/turn              (no ring)

@: repel missiles
A: (nimble swimmer 2), mertail
a: no special abilities


You were on level 2 of the Dungeon.
You visited 1 branch of the dungeon, and saw 2 of its levels.

You collected 38 gold pieces.

Inventory:

Hand Weapons
 a - a +0 spear (weapon)
Armour
 b - a +0 robe (worn)
 g - a scarf of repulsion (worn)
Jewellery
 j - a ring of protection from cold
Scrolls
 h - a scroll of summoning
 i - a scroll of teleportation {unknown}
Potions
 c - a potion of curing {unknown}
 d - a potion of cancellation {unknown}
 e - a potion of heal wounds {unknown}


   Skills:
 + Level 3.7 Fighting
 + Level 5.0 Polearms
 + Level 4.5 Dodging
 + Level 2.9 Stealth


You had 2 spell levels left.
You didn't know any spells.
Your spell library was empty.

Dungeon Overview and Level Annotations

Branches:
Dungeon (2/15)

Altars:

Annotations:
D:2 Robin


Innate Abilities, Weirdness & Mutations

((You are quick and stealthy near water. (Stealth+, EV+, Speed+++)))
Your lower body shifts to a powerful aquatic tail in water.


Message History

You kill the bat!
Robin throws the goblin at you!
The goblin shouts!
You hit the goblin.
The goblin is moderately wounded.
You hit the goblin.
The goblin is severely wounded.
The goblin unwields a +0 club.
The goblin wields a +0 hunting sling.
The goblin shoots a stone.
The stone misses you. The goblin hits you with a +0 dagger.
You closely miss the goblin.
The goblin is severely wounded.
The goblin closely misses you. The goblin barely misses you.
You closely miss the goblin.
The goblin is severely wounded.
The goblin hits you but does no damage. Robin throws the goblin at you!
The goblin barely misses you. The goblin hits you but does no damage.
The goblin hits you with a +0 club.
You closely miss the goblin.
The goblin is severely wounded.
The goblin hits you but does no damage. The goblin closely misses you.
The goblin hits you with a +0 dagger. The goblin hits you but does no damage.
The goblin hits you with a +0 club.
You are too injured to fight recklessly!
You are too injured to fight recklessly!
There are monsters nearby!
Robin throws the goblin at you! The goblin hits you with a +0 dagger.
The goblin completely misses you. The goblin barely misses you.
The goblin hits you with a +0 club. The goblin hits you but does no damage.
You barely miss the goblin. The goblin hits you with a +0 dagger.
* * * LOW HITPOINT WARNING * * *
The goblin hits you with a +0 dagger.
* * * LOW HITPOINT WARNING * * *
The goblin barely misses you. The goblin closely misses you.
The goblin misses you.
As you read the scroll labelled PUIBEA QIOZ, it crumbles to dust.
It is a scroll of identify.
h - a scroll of summoning The goblin hits you but does no damage.
The goblin hits you with a +0 dagger.
You die...

....#.###.###############.....#
#####.. #.# #.....# #####.# ##.
#.# #.....# ########.# #.#
#.....# #.....##.# ..#
#.....###.###+##.# ..#
#..............#.# ..#
#.g.##.........'.#
..####gggg..........###
......gg@##.........#
.....gggg##.........#
.......gg##.........#
.........##.........#
.........##.........#
.......).##.........#
.........##.........#
.......... ##########


You could see Robin, a hobgoblin (strong) and 11 goblins.

Vanquished Creatures
  An adder (D:1)
  A dart slug (D:2)
  4 ball pythons (D:1)
  5 endoplasms (D:1)
  2 giant cockroaches
  A goblin (D:1)
  4 hobgoblins (D:1)
  A bat (D:2)
  4 frilled lizards (D:1)
  3 kobolds
  5 rats (D:1)
31 creatures vanquished.

Notes
Turn   | Place    | Note
-------+----------+-------------------------------------------
     0 | D:1      | Anon1729 the Merfolk Monk began the quest for the Orb.
     0 | D:1      | Reached XP level 1. HP: 18/18 MP: 1/1
   164 | D:1      | Reached XP level 2. HP: 24/24 MP: 2/2
   841 | D:1      | Reached XP level 3. HP: 23/29 MP: 3/3
  1146 | D:1      | Reached skill level 5 in Polearms
  1388 | D:2      | Noticed Robin
  1397 | D:2      | Slain by a goblin

Illustrated notes

Levels and vault maps discovered:
D:1:      dpeg_arrival_simpleton_b, layout_loops_ring
D:2:      layout_basic, basic_altar, ebering_ecumenical_altar_petrified,
          uniq_robin

Skill      XL: |  1  2  3 |
---------------+----------+-----
Polearms       | 5 |  5.0
Fighting       | |  3.7
Dodging        | |  4.5
Stealth        | |  2.9

Action                   || total
-------------------------++-------
Melee: Spear             ||    98
  Use: Scroll            ||     1
 Stab: Sleeping          ||    11
Armor: Robe              ||    12
Dodge: Dodged            ||    41

Table legend: (Time is in decaauts)
 A = Elapsed time spent in this place.
 B = Non-inter-level travel time spent in this place.
 C = Inter-level travel time spent in this place.
 D = Time resting spent in this place.
 E = Time spent auto-exploring this place.
 F = Levels seen in this place.
 G = Mean time per level.
                   A        B        C        D        E       F      G
               +--------+--------+--------+--------+--------+-----+--------+
         Total |   1385 |   1293 |     92 |    145 |    956 |   2 |  692.5 |
       Dungeon |   1385 |   1293 |     92 |    145 |    956 |   2 |  692.5 |
               +--------+--------+--------+--------+--------+-----+--------+

Top non-repeatable levels by time:
     D:1: 1279 daAuts
     D:2: 105 daAuts
